 Dungeon Crawl Stone Soup version 0.30.1-3-gfc49f6343a (webtiles) character file.

Game seed: 11901656237096184928

242 Clawberto the Chopper (level 5, -3/42 HPs)
             Began as a Demonspawn Berserker on Aug 6, 2023.
             Was a Believer of Trog.
             Slain by Crazy Yiuf
             ... wielding a +3 quarterstaff of chaos
              (19 damage)
             ... on level 3 of the Dungeon.
             The game lasted 00:13:56 (3066 turns).

Clawberto the Chopper (Demonspawn Berserker)        Turns: 3066, Time: 00:13:57

Health: -3/42      AC:  6    Str: 19    XL:     5   Next: 81%
Magic:  5/5        EV: 11    Int:  6    God:    Trog [**....]
Gold:   268        SH:  4    Dex: 21    Spells: 4/4 levels left

rFire   . . .        i - +0 war axe
rCold   . . .        (no shield)
rNeg    . . .        c - +0 scale mail
rPois   .            (no helmet)
rElec   .            (no cloak)
rCorr   .            (no gloves)
SInv    .            (no boots)
Will    .....        (no amulet)
Stlth   +            g - +6 ring of dexterity
HPRegen 0.27/turn    (no ring)
MPRegen 0.09/turn

%: no passive effects
@: no status effects
A: hooves 2, condensation shield, thin skeletal structure 1, dopey 1
a: Renounce Religion, Berserk, Trog's Hand


You were on level 3 of the Dungeon.
You worshipped Trog.
Trog was pleased with you.
You visited 1 branch of the dungeon, and saw 3 of its levels.

You collected 268 gold pieces.

Inventory:

Hand Weapons
 a - a +1 hand axe
 i - a +0 war axe (weapon)
Armour
 b - a +0 animal skin
 c - a +0 scale mail (worn)
Jewellery
 g - a +6 ring of dexterity (left hand)
Scrolls
 h - a scroll of magic mapping
 j - a scroll of enchant weapon
 k - a scroll of teleportation
Potions
 d - 2 potions of invisibility
 e - a potion of curing
 f - 3 potions of flight


   Skills:
 + Level 3.8 Fighting
 + Level 4.2 Axes
 + Level 2.9 Armour
 * Level 2.9 Dodging
 + Level 0.7 Shields


You had 4 spell levels left.
You didn't know any spells.
Your spell library was empty.

Dungeon Overview and Level Annotations

Branches:
Dungeon (3/15)

Altars:

Annotations:
D:3 Crazy Yiuf


Innate Abilities, Weirdness & Mutations

You have hoof-like feet.
A meltable shield of frost defends you. (SH +4)
You have a somewhat thin skeletal structure. (Dex +2, Stealth+)
You are dopey. (Int -2)


Message History

Trog accepts your kill.
You closely miss the hobgoblin. The hobgoblin hits you.
A hobgoblin is nearby!
You hit the hobgoblin.
You kick the hobgoblin, but do no damage.
The hobgoblin is heavily wounded.
The hobgoblin hits you but does no damage.
The hobgoblin closely misses you.
You hit the hobgoblin.
You kill the hobgoblin!
Trog accepts your kill.
You start resting.
HP restored.
There is an open door, spattered with blood here.
Items here: ))))) ††.
There is an open door here.
You now have 242 gold pieces (gained 19).
You now have 246 gold pieces (gained 4).
You now have 250 gold pieces (gained 4).
You start waiting.
Done waiting.
You now have 268 gold pieces (gained 18).
There is an open door here.
There is an open door, spattered with blood here.
Items here: ))))) ††.
There is an open door here.
Crazy Yiuf shouts!
Crazy Yiuf whimpers, "Cholesterol high snockshim!"
Could not explore, unopened runed door.
Press: ? - help, v - describe, . - travel The floor.
You open the door. You closely miss Crazy Yiuf.
Crazy Yiuf cries, "Castle!"
Crazy Yiuf hits you with a +3 quarterstaff of chaos!
You convulse!
You barely miss Crazy Yiuf.
Crazy Yiuf hits you with a +3 quarterstaff of chaos.
You are electrocuted!!
You die...

.#.##.#.#######....###
.'..#.#.# #....#
.#.##.#.# ♣....♣
####..#.# ♣♣...♣
.#...##.# ♣♣.♣♣
##.####.# ♣♣.♣ #..#
#.# ♣.♣♣ ..## #.# ♣♣.♣
### #.# ♣@♣♣ #.# #g#
#.# ... #.# #...# #.#
#)..# #.# ##### #.#
#.# #.#


You could see Crazy Yiuf.

Vanquished Creatures
  An ogre (D:3)
  2 orc wizards (D:3)
  A gnoll (D:1)
  2 adders (D:2)
  3 dart slugs
  4 orcs (D:3)
  6 endoplasms
  2 giant cockroaches (D:2)
  13 goblins
  7 hobgoblins
  5 jackals (D:3)
  A quokka (D:1)
  A ball python (D:2)
  5 bats
  A frilled lizard (D:1)
  3 kobolds
  6 rats
63 creatures vanquished.

Notes
Turn   | Place    | Note
-------+----------+-------------------------------------------
     0 | D:1      | Clawberto the Demonspawn Berserker began the quest for the
                  | Orb.
     0 | D:1      | Reached XP level 1. HP: 18/18 MP: 1/1
    98 | D:1      | Reached skill level 3 in Axes
    98 | D:1      | Gained mutation: A meltable shield of frost defends you.
                  | (SH +4) [demonic ancestry]
    98 | D:1      | Reached XP level 2. HP: 4/24 MP: 2/2
   853 | D:1      | Reached XP level 3. HP: 29/29 MP: 3/3
  1497 | D:2      | Found a faded altar of an unknown god.
  1688 | D:2      | HP: 1/29 [poisoned by a goblin]
  1870 | D:3      | Discovered your monstrous ancestry.
  1870 | D:3      | Gained mutation: You have large cloven feet. [demonic
                  | ancestry]
  1870 | D:3      | Reached XP level 4. HP: 35/35 MP: 4/4
  1877 | D:3      | Identified a scroll of acquirement
  1877 | D:3      | Acquired a +6 ring of dexterity
  1894 | D:3      | Reached ** piety under Trog
  1915 | D:3      | HP: 1/36 [something/puff of flame (7)]
  2240 | D:3      | Gained mutation: You have hoof-like feet. [demonic
                  | ancestry]
  2240 | D:3      | Reached XP level 5. HP: 42/42 MP: 5/5
  2425 | D:3      | Found a runed translucent door.
  2426 | D:3      | Noticed Crazy Yiuf
  2564 | D:3      | Gained mutation: You have a somewhat thin skeletal
                  | structure. (Dex +2, Stealth+) [potion of mutation]
  2564 | D:3      | Gained mutation: You are dopey. (Int -2) [potion of
                  | mutation]
  2640 | D:3      | Noticed an ogre
  2645 | D:3      | Killed an ogre
  2646 | D:3      | Reached skill level 4 in Axes
  3066 | D:3      | Slain by Crazy Yiuf

Illustrated notes

Levels and vault maps discovered:
D:1:      ldierk_walled_garden_2, layout_basic, dreamdust_wishing_well,
          skrybe_limestone_x, ebering_dispersal_statue_hall
D:2:      layout_basic, hellmonk_ecumenical_altar_inner_sanctum,
          kennysheep_generic_room_8
D:3:      cheibrodos_greedy_goblins, layout_basic, uniq_crazy_yiuf_cottage

Skill      XL: |  1  2  3  4  5 |
---------------+----------------+-----
Axes           | 3 4 |  4.2
Armour         | 2 |  2.9
Dodging        | 2 |  2.9
Fighting       | |  3.8
Shields        | |  0.7

Action                     |  1- 3 |  4- 6 || total
---------------------------+-------+-------++-------
  Melee: Hand axe          |   100 |    34 ||   134
         Kick              |       |    18 ||    18
         War axe           |       |    29 ||    29
         Punch             |       |     1 ||     1
 Invoke: Berserk           |     1 |     1 ||     2
         Trog's Hand       |       |     1 ||     1
    Use: Potion            |     6 |     3 ||     9
         Scroll            |     3 |     4 ||     7
 Armour: Scale mail        |    34 |    30 ||    64
  Dodge: Dodged            |    41 |    34 ||    75
  Block: Other             |    11 |     5 ||    16
